AoeStats
← Checho1921

African Clearing

504595782Analyzed
3v3 RM · 25d ago on Sep 5, 2026· 26m 43s· 6 players
Game mode
Random Map
Map size
Normal (6 player)
Population
200
Speed
Normal
Resources
Standard
Victory
Conquest
Starting age
Dark Age
Ending age
Imperial Age
RankedLock teamsTeams togetherTeam positionsShared explorationLock speedFull tech treeHidden civsTurbo modeCheats
Victory
Defeat
🇦🇷 Spanish · Argentina
1393
+12
🇦🇷 Vietnamese · Argentina
1385
+12
🇦🇷 Persians · Argentina
1319
+15
🇲🇽 Armenians · Mexico
1333
-14
🇨🇳 Mongols · China
1296
-13
🇺🇸 Khmer · United States
1265
-12
dLevantine
3:06 Loom
10:33 Feudal Age
11:05 Double-Bit Axe
12:55 Gold Mining
14:42 Man-at-Arms
17:30 Scale Mail Armor
17:48 Long Swordsman
19:25 Arson
21:26 Fletching
22:23 Padded Archer Armor
24:24 Forging
25:49 Horse Collar
ing.alexander02
8:46 Loom
11:03 Feudal Age
16:07 Wheelbarrow
17:25 Town Watch
18:34 Padded Archer Armor
19:48 Fletching
pickmyself or end
3:37 Loom
13:27 Feudal Age
14:26 Double-Bit Axe
18:03 Castle Age
16:32 Stone Mining
16:33 Gold Mining
16:44 Horse Collar
17:29 Town Watch
18:19 Wheelbarrow
19:29 Bow Saw
26:43 Fletching
Elconque2k
6:19 Loom
13:08 Feudal Age
17:14 Castle Age
26:25 Padded Archer Armor
Checho1921
5:41 Loom
10:56 Feudal Age
12:11 Double-Bit Axe
ramax
3:29 Loom
13:05 Feudal Age
13:43 Town Watch
14:00 Double-Bit Axe
16:27 Fletching
23:31 Padded Archer Armor
27:53 Castle Age
26:52 Horse Collar
Connection lost

Rejoining the realm…

Still unreachable

The connection could not be restored.

Session expired

The server has moved on; the page needs a fresh start.